 Dungeon Crawl Stone Soup version 0.25.0-9-g26727b6 (webtiles) character file.

Game seed: 13533365626152781749

122115 ratboy the Whirler (level 17, -11/124 HPs)
             Began as a Halfling Hunter on June 19, 2020.
             Was the Champion of Okawaru.
             Mangled by an alligator (37 damage)
             ... called by a spriggan druid
             ... on level 3 of the Swamp on June 20, 2020.
             The game lasted 02:48:15 (43243 turns).

ratboy the Whirler (Halfling Hunter)               Turns: 43243, Time: 02:48:15

Health: -11/124    AC: 17    Str: 19    XL:     17   Next: 41%
Magic:  24/24      EV: 28    Int:  9    God:    Okawaru [******]
Gold:   802        SH: 13    Dex: 25    Spells: 16/16 levels left

rFire    . . .     SeeInvis +   Q - +4 demon blade (flame)
rCold    . . .     Gourm    .   g - +0 buckler
rNeg     . . .     Faith    .   D - +0 swamp dragon scales
rPois    +         Spirit   .   P - +2 hat {SInv}
rElec    .         Reflect  +   U - +1 cloak {Stlth+}
rCorr    .         Harm     .   i - +1 pair of gloves {Dex+3}
MR       +....                  (no boots)
Stlth    ++++......             A - amulet of reflection
HPRegen  0.30/turn              T - +4 ring of evasion
MPRegen  0.19/turn              x - +6 ring of strength

@: studying Slings
A: small, mutation resistance 1
a: Heroism, Finesse, Renounce Religion


You were on level 3 of the Swamp.
You worshipped Okawaru.
Okawaru was exalted by your worship.
You were not hungry.

You visited 5 branches of the dungeon, and saw 27 of its levels.
You visited 1 bazaar.
You also visited: Ossuary and Ice Cave.

You collected 2772 gold pieces.
You spent 1970 gold pieces at shops.

Inventory:

Hand Weapons
 a - the +3 fustibalus of the Briny Deep {vorpal, rF+}
   (You acquired it on level 3 of the Lair of Beasts)

   Any stone fired from it inflicts extra damage.
   It protects you from fire.
 b - a +1 vampiric rapier
 w - the +5 dagger "Focrecoy" {flame, rC+}
   (You bought it in a shop on level 2 of the Orcish Mines)

   It has been specially enchanted to burn those struck by it, causing extra
   injury to most foes and up to half again as much damage against particularly
   susceptible opponents.
   It protects you from cold.
 Q - a +4 demon blade of flaming (weapon)
Missiles
 d - 298 sling bullets
 r - 5 throwing nets (quivered)
 u - a curare-tipped dart
 J - 9 atropa-tipped darts
 O - 94 poisoned darts
Armour
 g - a +0 buckler (worn)
 i - a +1 pair of gloves of dexterity (worn)
 D - +0 swamp dragon scales (worn)
 G - a +0 scale mail of magic resistance
 P - a +2 hat of see invisible (worn)
 S - a +3 scale mail of cold resistance
 U - a +1 cloak of stealth (worn)
 Z - a scarf of resistance
Jewellery
 e - an uncursed ring of resist corrosion
 x - a +6 ring of strength (right hand)
 y - an uncursed ring of poison resistance
 A - an amulet of reflection (around neck)
 R - an uncursed ring of positive energy
 T - a +4 ring of evasion (left hand)
Wands
 h - a wand of disintegration (10)
 k - a wand of polymorph (5)
 C - a wand of flame (28)
 I - a wand of paralysis (23)
 M - a wand of acid (16)
 V - a wand of iceblast (3)
Scrolls
 c - 6 scrolls of immolation
 l - 9 scrolls of teleportation
 p - a scroll of enchant weapon
 s - 3 scrolls of blinking
 v - 7 scrolls of remove curse
 B - 9 scrolls of identify
 F - 2 scrolls of fog
 K - a scroll of silence
 N - 2 scrolls of magic mapping
Potions
 j - 4 potions of berserk rage
 m - 5 potions of flight
 n - 10 potions of curing
 o - a potion of haste
 t - 5 potions of might
 z - 2 potions of ambrosia
 E - 2 potions of heal wounds
 H - 3 potions of stabbing
 Y - 3 potions of invisibility
Books
 X - a manual of Slings
Miscellaneous
 L - a lightning rod (4/4)
Comestibles
 f - 34 rations
 q - 2 chunks of flesh


   Skills:
 + Level 13.7 Fighting
 - Level 14.0 Short Blades
 + Level 16.5 Slings
 + Level 11.8 Armour
 + Level 10.5 Dodging
 + Level 7.3 Stealth
 + Level 4.9 Shields
 - Level 10.0 Invocations
 + Level 9.4 Evocations


You had 16 spell levels left.
You didn't know any spells.
Your spell library contained the following spells:

 Spells                   Type           Power        Failure   Level  Hunger
 Beastly Appendage        Tmut           #.....       54%         1    ##.....
 Freeze                   Ice            #...         54%         1    ##.....
 Infusion                 Chrm           #...         54%         1    ##.....
 Poisonous Vapours        Pois/Air       #.....       69%         2    ###....
 Shroud of Golubria       Chrm/Tloc      #.....       69%         2    ###....
 Song of Slaying          Chrm           #.......     69%         2    ###....
 Sticks to Snakes         Tmut           #.......     69%         2    ###....
 Conjure Flame            Conj/Fire      #.......     89%         3    ####...
 Frozen Ramparts          Ice            #.....       89%         3    ####...
 Mephitic Cloud           Conj/Pois/Air  #.......     89%         3    ####...
 Ozocubu's Armour         Chrm/Ice       #.......     89%         3    ####...
 Spectral Weapon          Hex/Chrm       #.......     89%         3    ####...
 Spider Form              Tmut/Pois      #.........   89%         3    ####...
 Hailstorm                Conj/Ice       #.......     100%        4    #####..
 Ice Form                 Ice/Tmut       #.......     100%        4    #####..
 Summon Ice Beast         Ice/Summ       #.......     100%        4    #####..
 Blade Hands              Tmut           #.........   100%        5    ######.
 Freezing Cloud           Conj/Ice/Air   #.........   100%        6    #######
 Ring of Flames           Chrm/Fire      #.........   100%        7    #######


Dungeon Overview and Level Annotations

Branches:
Dungeon (15/15)            Temple (1/1) D:6            Lair (6/6) D:9
  Swamp (3/4) Lair:3       Spider (0/4) Lair:2        Slime (0/5) Lair:5
    Orc (2/2) D:11            Elf (0/3) Orc:2        Vaults (0/5) D:13
 Depths (0/5) D:15        Ossuary (visited)           IceCv (visited)

Altars:
Ashenzari
Cheibriados
Dithmenos
Elyvilon
Fedhas
Gozag
Hepliaklqana
Kikubaaqudgha
Makhleb
Nemelex Xobeh
Okawaru
Qazlal
Ru
Sif Muna
Trog
Uskayaw
Vehumet
Wu Jian
Xom
Yredelemnul
Zin
The Shining One
Beogh

Shops:
D:5 (   D:14 ?   Orc:2 ([*=!

Annotations:
D:8 2 transporters, Zeldest's ghost, novice GrSk
D:13 Rupert
Lair:1 3 runed translucent doors, Oqogus's ghost, novice TrAK; Yurtisuma's ghost, novice MiBe; howech's ghost, novice TrCK; tboon's ghost, journeyman GrFi


Innate Abilities, Weirdness & Mutations

You are small and have problems with some larger weapons.
You are somewhat resistant to further mutation.


Message History

You block the alligator's attack.
You hit the alligator but do no damage.
The alligator is severely wounded.
The alligator misses you. The alligator completely misses you.
You block the alligator's attack. The alligator completely misses you.
You closely miss the alligator.
The alligator is severely wounded.
The alligator bites you but does no damage.
The alligator tail-slaps you.
* * * LOW HITPOINT WARNING * * *
You closely miss the alligator.
The alligator is severely wounded.
The alligator bites you!!
* * * LOW HITPOINT WARNING * * *
The alligator completely misses you.
You hear a croak.
You slash the alligator! You burn the alligator.
The alligator is almost dead.
The alligator bites you!!!
You die...

.≈J.≈≈≈
J..≈≈≈≈
♣♣.......
JJ.≈≈≈≈
♣.......
.≈≈≈J≈≈
♣.......
≈w≈k≈≈.
♣♣§....♣
≈≈≈≈≈≈.
♣≈(...♣♣ ♣
≈.≈≈≈≈≈
♣....?.♣♣.♣
♣≈.≈≈≈≈
♣≈..t......
♣♣.≈≈≈
♣..p)......
♣♣.≈..♣.....
♣§...♣♣ ...
♣÷♣♣♣♣ . ♣>♣
♣≈♣♣ ..
♣♣♣.≈♣♣♣...
♣..≈≈......
♣♣.≈....≈≈..


You could see an alligator (strong, swift).

Vanquished Creatures
  Gastronok (D:10)
  A thorn hunter (Swamp:1)
  An orc warlord (Orc:2)
  A stone giant (Orc:2)
  An ettin (D:15)
  Josephine (D:14)
  Harold (D:7)
  8 hydras
  5 centaur warriors
  A ghost crab (Swamp:2)
  A shambling mangrove (Swamp:1)
  An ogre mage (D:15)
  6 two-headed ogres
  8 alligators
  2 death knights
  The ghost of zblargles the Protected, a novice FoWn of the Shining One (D:8)
  3 orc high priests (Orc:2)
  A hell knight (D:15)
  Urug (D:12)
  2 skeletal warriors
  An unseen horror (D:10)
  2 spriggan druids
  4 swamp dragons (Swamp:2)
  The ghost of Faca the Cleaver, a novice HOMo (D:6)
  5 orc knights
  A necromancer (Lair:5)
  Pikel (D:7)
  A phantasmal warrior (D:14)
  17 ugly things
  A wolf spider zombie (D:15)
  The ghost of ProzacElf the Thaumaturge, a novice GnWz of Nemelex Xobeh (D:6)
  5 orc sorcerers
  2 deep elf magi
  A manticore (D:15)
  A wolf spider (D:15)
  3 oklob plants (Lair:6)
  4 cyclopes
  6 elephants
  Maurice (D:9)
  The ghost of raskol the Stinger, a novice OgVM (D:6)
  2 centaur zombies
  3 black mambas
  The ghost of sighowe the Ruffian, a novice DrTm of Elyvilon (D:6)
  33 spiny frogs
  3 gargoyles
  A yaktaur (D:15)
  A redback zombie (D:15)
  4 rime drakes
  8 komodo dragons
  2 ice devils (D:11)
  3 freezing wraiths
  2 polar bears
  8 trolls
  8 hornets
  8 tyrant leeches
  A tengu conjurer (D:14)
  A troll (shapeshifter) (D:15)
  Prince Ribbit (D:5)
  10 blink frogs (Lair:6)
  5 hippogriffs
  5 bog bodies
  3 slime creatures (D:15)
  Sigmund (D:5)
  A centaur simulacrum (D:15)
  A vampire (D:12)
  7 spriggans
  2 shadows
  3 redbacks (Lair:2)
  9 wraiths
  35 yaks
  4 basilisks
  3 wyverns
  Grum (D:9)
  15 humans (D:13)
  A steam dragon (D:12)
  4 hungry ghosts
  29 vampire mosquitoes
  Menkaure (D:6)
  A warg (D:8)
  6 swamp worms
  3 insubstantial wisps (Swamp:1)
  19 water moccasins
  10 porcupines
  An acid dragon (D:14)
  42 orc warriors
  2 ice beasts
  A necrophage (D:8)
  A slave (D:7)
  5 sky beasts
  2 black bears
  4 swamp drakes
  4 phantoms
  An eye of draining (D:10)
  16 centaurs
  15 ogres
  2 elephant zombies (Lair:5)
  10 wolves
  11 crocodiles
  5 big kobolds
  Blork the orc (D:5)
  2 komodo dragon zombies (Lair:5)
  22 bullfrogs
  3 scorpions
  12 wights
  7 killer bees
  8 electric eels
  2 howler monkeys
  A basilisk zombie (Lair:5)
  A bullfrog zombie (D:9)
  4 jellies
  30 orc wizards
  37 orc priests
  A gnoll shaman (D:9)
  4 hounds
  7 centaur skeletons
  An iguana (D:5)
  Jessica (D:2)
  Terence (D:1)
  11 worker ants
  A big kobold zombie (Ossuary)
  A killer bee zombie (D:10)
  A hound zombie (D:10)
  6 mummies (Ossuary)
  2 worker ant zombies
  8 gnolls
  A howler monkey skeleton (D:7)
  11 adders
  3 shadow imps
  8 white imps (IceCv)
  6 ufetubi (IceCv)
  6 oozes
  An adder skeleton (D:9)
  2 dart slugs
  3 worms
  2 leopard geckos
  92 orcs
  A ball python (D:8)
  4 giant cockroaches
  2 gnoll zombies (Ossuary)
  7 goblins
  3 hobgoblins (D:1)
  10 jackals
  6 quokkas
  4 bats
  5 frilled lizards
  3 goblin zombies (Ossuary)
  31 kobolds
  2 kobold zombies (Ossuary)
  A leopard gecko skeleton (D:4)
  A leopard gecko zombie (D:9)
  5 rats
  2 rat zombies (D:4)
894 creatures vanquished.

Vanquished Creatures (others)
  A centaur warrior (D:11)
  A deep elf mage (D:15)
  An orc warrior (D:14)
  A black bear (Lair:5)
  A centaur (D:11)
  A big kobold (D:11)
  A killer bee (D:11)
  A crimson imp (D:7)
  An orc priest (D:11)
  4 orc wizards (D:11)
  5 white imps (IceCv)
  An ufetubus (IceCv)
  7 orcs
  3 kobolds (D:11)
  A leopard gecko skeleton (D:7)
  15 fungi
  45 plants
90 creatures vanquished.

Grand Total: 984 creatures vanquished

Notes
Turn   | Place    | Note
-------+----------+-------------------------------------------
     0 | D:1      | ratboy the Halfling Hunter began the quest for the Orb.
     0 | D:1      | Reached XP level 1. HP: 14/14 MP: 1/1
   107 | D:1      | Reached skill level 6 in Slings
   107 | D:1      | Reached XP level 2. HP: 19/19 MP: 2/2
   395 | D:1      | Reached XP level 3. HP: 23/24 MP: 3/3
  1064 | D:2      | Reached XP level 4. HP: 16/30 MP: 4/4
  1344 | D:2      | Found a faded altar of an unknown god.
  1367 | D:2      | Became a worshipper of Warmaster Okawaru
  1367 | D:2      | Reached * piety under Okawaru
  1369 | D:2      | sweet, good luck
  1404 | D:2      | Noticed Jessica
  1408 | D:2      | Killed Jessica
  1664 | D:2      | Found a shadowy altar of Dithmenos.
  1803 | D:2      | Found a hazy altar of Hepliaklqana.
  1803 | D:2      | Found a bloodstained altar of Trog.
  1824 | D:2      | Noticed Terence
  1940 | D:1      | Killed Terence
  1940 | D:1      | Reached XP level 5. HP: 36/36 MP: 5/5
  1963 | D:2      | Found a shimmering altar of Xom.
  2069 | D:3      | Reached skill level 7 in Slings
  2915 | D:3      | Reached skill level 1 in Invocations
  2915 | D:3      | Reached XP level 6. HP: 30/42 MP: 6/6
  3183 | D:4      | Noticed a phantom
  3201 | D:4      | Killed a phantom
  3239 | D:4      | Found a sand-covered staircase.
  3257 | D:4      | Reached ** piety under Okawaru
  3282 | Ossuary  | Entered an ossuary
  3488 | Ossuary  | Reached XP level 7. HP: 46/46 MP: 8/8
  3808 | D:4      | Reached skill level 8 in Slings
  4220 | D:4      | Reached skill level 5 in Dodging
  4319 | D:5      | Entered Level 5 of the Dungeon
  4323 | D:5      | Noticed Prince Ribbit
  4479 | D:5      | Reached *** piety under Okawaru
  4479 | D:5      | Reached XP level 8. HP: 39/54 MP: 10/10
  4644 | D:5      | Noticed Blork the orc
  4657 | D:5      | Killed Blork the orc
  4700 | D:5      | Reached skill level 9 in Slings
  5016 | D:5      | Received a gift from Okawaru
  5051 | D:5      | Reached skill level 5 in Fighting
  5057 | D:5      | Found Fahoxty's Antique Weapon Shop.
  5068 | D:5      | Killed Prince Ribbit
  5068 | D:5      | Reached skill level 5 in Invocations
  5068 | D:5      | Reached XP level 9. HP: 60/61 MP: 12/12
  5124 | D:5      | Reached **** piety under Okawaru
  5124 | D:5      | Reached skill level 10 in Slings
  5177 | D:5      | Found the +7 lajatang of Order {silver, rMut}
  5275 | D:5      | Noticed Sigmund
  5284 | D:5      | Killed Sigmund
  5476 | D:6      | Noticed Menkaure
  5481 | D:6      | Killed Menkaure
  5606 | D:6      | Found a staircase to the Ecumenical Temple.
  5616 | Temple   | Entered the Ecumenical Temple
  6426 | D:6      | Found a runed translucent gate.
  6426 | D:6      | Found a runed translucent gate.
  6426 | D:6      | Found a runed translucent gate.
  6428 | D:6      | Noticed sighowe's ghost (novice DrTm)
  6428 | D:6      | Noticed ProzacElf's ghost (novice GnWz)
  6429 | D:6      | Noticed Faca's ghost (novice HOMo)
  6429 | D:6      | Noticed raskol's ghost (novice OgVM)
  7125 | D:7      | Noticed Harold
  7569 | D:7      | Reached skill level 11 in Slings
  8159 | D:7      | Found a glowing golden altar of the Shining One.
  8167 | D:7      | Noticed Pikel
  8222 | D:7      | Killed Pikel
  8222 | D:7      | Reached ***** piety under Okawaru
  8222 | D:7      | Reached XP level 10. HP: 50/69 MP: 15/15
  8642 | D:7      | Killed Harold
  8642 | D:7      | Received a gift from Okawaru
  8642 | D:7      | Reached skill level 12 in Slings
  9561 | D:8      | Found a shimmering blue altar of Sif Muna.
  9571 | D:8      | Found a white marble altar of Elyvilon.
  9572 | D:8      | Found an ancient bone altar of Kikubaaqudgha.
  9572 | D:8      | Found a burning altar of Makhleb.
  9573 | D:8      | Found a sacrificial altar of Ru.
  9575 | D:8      | Found an ornate altar of the Wu Jian Council.
  9754 | D:8      | Noticed Zeldest's ghost (novice GrSk)
  9762 | D:8      | Found a transporter.
  9771 | D:8      | Found a basalt altar of Yredelemnul.
  9806 | D:8      | Found a transporter.
  9899 | D:8      | Found an ornate altar of the Wu Jian Council.
 10018 | D:9      | Noticed zblargles's ghost (novice FoWn)
 10019 | D:9      | Found a runed translucent gate.
 10020 | D:9      | Found a runed translucent gate.
 10020 | D:9      | Found a runed translucent gate.
 10021 | D:9      | Identified the +6 great sword of Ipnonawy {freeze, Dex+3}
 10021 | D:9      | Identified the +1 plate armour "Beojashre" {*Corrode MP-9
                  | Str+4 Int+9}
 10021 | D:9      | Found a roughly hewn altar of Beogh.
 10264 | D:9      | Reached skill level 5 in Short Blades
 10352 | D:9      | Found a snail-covered altar of Cheibriados.
 10596 | D:9      | Found a staircase to the Lair.
 10648 | D:9      | Noticed Grum
 10652 | D:9      | Noticed a two-headed ogre
 10662 | D:9      | Reached skill level 1 in Armour
 10663 | D:9      | Killed Grum
 10663 | D:9      | Reached skill level 1 in Evocations
 10667 | D:9      | Reached XP level 11. HP: 53/77 MP: 15/17
 10670 | D:9      | Killed a two-headed ogre
 10670 | D:9      | Received a gift from Okawaru
 11140 | D:9      | Noticed Maurice
 11363 | D:9      | Killed Maurice
 11473 | D:10     | Entered Level 10 of the Dungeon
 11726 | D:10     | Noticed Gastronok
 11760 | D:10     | Killed Gastronok
 11760 | D:10     | Received a gift from Okawaru
 11760 | D:10     | Received a gift from Okawaru
 11850 | D:10     | Noticed a deep elf mage
 11859 | D:10     | Killed a deep elf mage
 12521 | D:10     | Killed an unseen horror
 12653 | D:10     | Noticed a two-headed ogre
 12668 | D:10     | Killed a two-headed ogre
 12754 | D:10     | Reached skill level 5 in Armour
 13268 | D:10     | Reached XP level 12. HP: 85/85 MP: 18/18
 13684 | D:11     | Found a frozen archway.
 13723 | D:11     | Reached skill level 5 in Evocations
 14033 | IceCv    | Entered an ice cave
 14530 | D:11     | Found a gateway to a bazaar.
 14693 | D:11     | Noticed a centaur warrior
 15643 | D:11     | Killed a centaur warrior
 16193 | D:11     | Noticed a two-headed ogre
 16207 | D:11     | Killed a two-headed ogre
 16239 | D:11     | Found a staircase to the Orcish Mines.
 16316 | D:11     | Reached skill level 10 in Fighting
 16901 | D:11     | Reached skill level 10 in Short Blades
 17036 | Bazaar   | Entered a bazaar
 17036 | Bazaar   | Found Mifeiro's Food Shoppe.
 17036 | Bazaar   | Found Ataes's Magic Scroll Shoppe.
 17036 | Bazaar   | Found Ponlu's Weapon Emporium.
 17189 | Bazaar   | Found Isumnoror's Weapon Emporium.
 17203 | Bazaar   | Bought a +0 fustibalus for 165 gold pieces
 17206 | Bazaar   | Bought a scroll of fear for 38 gold pieces
 17206 | Bazaar   | Bought a scroll of enchant armour for 82 gold pieces
 17206 | Bazaar   | Bought a scroll of enchant weapon for 82 gold pieces
 17206 | Bazaar   | Bought a scroll of identify for 22 gold pieces
 17206 | Bazaar   | Bought a scroll of enchant armour for 82 gold pieces
 17206 | Bazaar   | Bought a scroll of identify for 22 gold pieces
 17206 | Bazaar   | Bought a scroll of identify for 22 gold pieces
 17909 | D:12     | Received a gift from Okawaru
 17973 | D:12     | Noticed an eight-headed hydra
 17983 | D:12     | Killed an eight-headed hydra
 18233 | D:12     | Received a gift from Okawaru
 18234 | D:12     | Got a polished ring mail {god gift}
 18245 | D:12     | Identified the +1 ring mail of Okawaru's Anger {-Cast rPois
                  | Str+7 Stlth+} (Okawaru gifted it to you on level 12 of the
                  | Dungeon)
 18633 | D:12     | Reached XP level 13. HP: 93/93 MP: 19/19
 18842 | D:12     | Noticed Urug
 18862 | D:12     | Killed Urug
 19141 | D:12     | Reached skill level 13 in Slings
 19545 | Lair:1   | Entered Level 1 of the Lair of Beasts
 20033 | Lair:1   | Found a runed translucent gate.
 20033 | Lair:1   | Found a runed translucent gate.
 20033 | Lair:1   | Found a runed translucent gate.
 20033 | Lair:1   | Noticed tboon's ghost (journeyman GrFi)
 20033 | Lair:1   | Noticed Oqogus's ghost (novice TrAK)
 20034 | Lair:1   | Noticed howech's ghost (novice TrCK)
 20034 | Lair:1   | Noticed Yurtisuma's ghost (novice MiBe)
 20435 | Lair:1   | Noticed an eight-headed hydra
 20446 | Lair:1   | Killed an eight-headed hydra
 21116 | Lair:2   | Received a gift from Okawaru
 21263 | Lair:2   | Received a gift from Okawaru
 21368 | Lair:2   | Found a hole to the Spider Nest.
 21376 | Lair:2   | Reached skill level 14 in Slings
 22724 | Lair:3   | Found a staircase to the Swamp.
 22905 | Lair:3   | Identified a scroll of acquirement
 22906 | Lair:3   | Got the +3 fustibalus of the Briny Deep {vorpal, rF+}
 23083 | Lair:3   | Reached XP level 14. HP: 101/101 MP: 20/20
 24237 | Lair:5   | Found a staircase to the Slime Pits.
 25441 | Lair:5   | Reached skill level 10 in Armour
 25848 | Lair:6   | Entered Level 6 of the Lair of Beasts
 25987 | Lair:6   | Received a gift from Okawaru
 26487 | Lair:6   | Received a gift from Okawaru
 27281 | Lair:6   | Received a gift from Okawaru
 27336 | Lair:6   | Reached ****** piety under Okawaru
 28029 | Lair:6   | Reached XP level 15. HP: 90/109 MP: 21/21
 29558 | D:6      | Killed Faca's ghost
 29560 | D:6      | Killed ProzacElf's ghost
 29563 | D:6      | Killed raskol's ghost
 29573 | D:6      | Killed sighowe's ghost
 30207 | D:8      | Killed zblargles's ghost
 30454 | Orc:1    | Entered Level 1 of the Orcish Mines
 30778 | Orc:1    | Received a gift from Okawaru
 31133 | Orc:2    | Entered Level 2 of the Orcish Mines
 31133 | Orc:2    | Noticed a stone giant
 31140 | Orc:2    | Killed a stone giant
 31321 | Orc:2    | Found a staircase to the Elven Halls.
 31407 | Orc:2    | Found Buhetyn's Distillery.
 31528 | Orc:2    | Received a gift from Okawaru
 31670 | Orc:2    | Found a radiant altar of Vehumet.
 32934 | Orc:2    | Received a gift from Okawaru
 33172 | Orc:2    | Reached skill level 10 in Invocations
 33186 | Orc:2    | Received a gift from Okawaru
 33452 | Orc:2    | Noticed an orc warlord
 33485 | Orc:2    | Killed an orc warlord
 33732 | Orc:2    | Found Yci Ymud's Antique Armour Shop.
 33733 | Orc:2    | Found Gowk's Antique Weapon Boutique.
 33735 | Orc:2    | Found Lare's General Store.
 33735 | Orc:2    | Found Keivaeme's Jewellery Shop.
 33818 | Orc:2    | Bought a glowing cloak for 180 gold pieces
 33828 | Orc:2    | Bought a distressingly furry scale mail for 216 gold pieces
 33828 | Orc:2    | Bought a runed scarf for 192 gold pieces
 33828 | Orc:2    | Identified the +1 scale mail "Koch" {rPois rC- Int+2 Dex+4}
                  | (You bought it in a shop on level 2 of the Orcish Mines)
 33831 | Orc:2    | Bought a twisted dagger for 147 gold pieces
 33831 | Orc:2    | Identified the +5 dagger "Focrecoy" {flame, rC+} (You
                  | bought it in a shop on level 2 of the Orcish Mines)
 33964 | Orc:2    | Bought a +4 ring of evasion for 648 gold pieces
 34200 | D:13     | Received a gift from Okawaru
 34278 | D:13     | Noticed Rupert
 34906 | D:13     | Found a shattered altar of Ashenzari.
 34960 | D:13     | Found a gate to the Vaults.
 35390 | D:13     | Reached XP level 16. HP: 93/117 MP: 23/23
 36349 | D:14     | Noticed Josephine
 36381 | D:14     | Killed Josephine
 36558 | D:14     | Found Wymucog's Magic Scroll Emporium.
 36562 | D:14     | Bought a scroll of teleportation for 36 gold pieces
 36562 | D:14     | Bought a scroll of teleportation for 36 gold pieces
 36690 | D:14     | Reached skill level 1 in Shields
 36938 | D:15     | Entered Level 15 of the Dungeon
 37095 | D:15     | Found the +6 lightning scales {run, rElec}
 37135 | D:15     | Reached skill level 5 in Stealth
 37408 | D:15     | Received a gift from Okawaru
 37410 | D:15     | Got a faintly glowing helmet {god gift}
 37493 | D:14     | Identified the -1 helmet "Jifiosef" {MR+} (Okawaru gifted
                  | it to you on level 15 of the Dungeon)
 37577 | D:15     | Reached skill level 15 in Slings
 37876 | D:15     | Found a shadowy altar of Dithmenos.
 38530 | D:15     | Found a staircase to the Depths.
 38698 | D:15     | Reached skill level 10 in Dodging
 39444 | Swamp:1  | Entered Level 1 of the Swamp
 39636 | Swamp:1  | Found a shattered altar of Ashenzari.
 40309 | Swamp:1  | Noticed a thorn hunter
 40326 | Swamp:1  | Killed a thorn hunter
 40326 | Swamp:1  | Received a gift from Okawaru
 40326 | Swamp:1  | Reached XP level 17. HP: 123/123 MP: 24/24
 40717 | Swamp:2  | Reached skill level 16 in Slings
 42633 | Swamp:2  | Received a gift from Okawaru
 43243 | Swamp:3  | Mangled by an alligator

Illustrated notes

#..#.......#
#..........#
#.##.......##
... ##.......#
.....
###...#.##
<###.#
#.......#
#.###...#..$#
#.#....#.#..#
#.#.#._p#.#
#.#..#.#.!#
..#...#...#
.#.#.......$#
#........###.#
. #.####.# .#
.# ..# .# # ..
#.#


Turn 1369 on D:2: sweet, good luck

Levels and vault maps discovered:
D:1:      saegor_arrival_simple_e, layout_loops_ring, minivault_23,
          minmay_pentomino_p4
D:2:      layout_loops_ring, nicolae_overflow_hidden_temple, marbit_many_paths,
          gammafunk_temple_overflow_elements, serial_glass, glass_columns_b,
          glass_columns_b, glass_columns_a, glass_columns_a, glass_columns_a,
          glass_columns_a, glass_columns_b, glass_columns_a, glass_columns_a,
          glass_columns_a, glass_columns_b, glass_columns_b, glass_columns_a,
          glass_columns_b, chequers_ecumenical_altar_simple_redux,
          minmay_misc_feat_doors, uniq_terence, uniq_jessica
D:3:      layout_basic, first_ration, serial_glass, glass_columns_b,
          glass_columns_b, glass_columns_b, glass_columns_b, item_on_display_a,
          item_on_display_a, minmay_strange_pillars
D:4:      layout_loops_ring, enter_ossuary_4
D:5:      layout_loops_cross, portal_sewer_entry_d, serial_shops, shop_statue,
          uniq_sigmund, uniq_blork_the_orc, uniq_prince_ribbit1
D:6:      layout_basic, minmay_temple_entry_sparse_star,
          gammafunk_ghost_cemetery, uniq_menkaure
D:7:      layout_loops_ring, kennysheep_minor_cross, grunt_ogre_cave,
          chequers_serial_rivers_micro_d, nicolae_tso_carved_into_rock,
          uniq_harold, uniq_pikel
D:8:      layout_basic, minitemple, lemuel_crystal_altar,
          gammafunk_ghost_stat_death, basic_altar
D:9:      layout_basic, grunt_lair_entry_orc_guard_hut,
          biasface_ghost_orc_armoury, cheibriados_altar_1, uniq_maurice,
          uniq_grum
D:10:     layout_irregular_city, uniq_gastronok
D:11:     layout_irregular_city, hiddenorc1_lemuel,
          portal_ice_cave_demonic_guard, serial_shops, freezing_bzr
D:12:     layout_irregular_city, uniq_urug
D:13:     layout_stronghold, david_vaults_3, basic_altar
D:14:     layout_rooms, nrook_mini_backslash, serial_shops, shop_scrolls,
          uniq_josephine
D:15:     hangedman_depths_entry_civil_slaughter, layout_basic,
          minmay_fountain_box, st_stairs_5, minmay_misc_feat_tiny,
          nicolae_dithmenos_the_darkroom
Temple:   minmay_temple_curvy_loop
Lair:1:   layout_misc_corridors, gammafunk_ghost_cemetery
Lair:2:   layout_roguey, spider_nest_entry_webs, forest_entry_grove,
          serial_bayou_shore_b, lemuel_fruit_fields, grunt_megastairs_3
Lair:3:   layout_chaotic_city, nicolae_swamp_entry_splash_gauntlet,
          grunt_megastairs_1
Lair:4:   layout_cave_pods
Lair:5:   pond_and_an_island_with_a_cottage, layout_hall_layers,
          nicolae_slime_entry_slimehenge, infiniplex_staircase_pool
Lair:6:   minmay_lair_end_frog_pond, layout_gridlike, minmay_lair_oklob_chamber
Swamp:1:  layout_falls_marsh, nicolae_swamp_godswood, swamp_pool1
Swamp:2:  layout_falls_marsh, serial_swamp_ruin, hangedman_swamp_ruin_hall,
          evilmike_swamp_ruin_house_2, evilmike_swamp_ruin_house_3
Swamp:3:  layout_basic_swamp, nicolae_swamp_trees_clearing
Orc:1:    layout_diamond_mine
Orc:2:    st_orc_congregation, layout_diamond_mine, basic_altar, serial_shops,
          nicolae_shop_waterfront, nicolae_orc_tapped_out

Skill      XL: |  1  2  3  4  5  6  7  8  9 10 11 12 13 14 15 16 17 |
---------------+----------------------------------------------------+-----
Fighting       | 2 3 4 5 6 8 9 10 11 12 13 | 13.7
Slings         | 6 7 8 9 11 12 14 15 16 | 16.5
Dodging        | 3 4 5 6 7 9 10 | 10.5
Invocations    | 1 2 3 5 7 8 9 10 | 10.0
Short Blades   | 2 6 8 10 12 13 14 | 14.0
Armour         | 1 5 7 9 10 11 | 11.8
Evocations     | 1 4 5 6 8 9 |  9.4
Stealth        | 4 6 7 |  7.3
Shields        | 4 |  4.9

Action                   |  1- 3 |  4- 6 |  7- 9 | 10-12 | 13-15 | 16-18 || total
-------------------------+-------+-------+-------+-------+-------+-------++-------
Melee: Short sword       |     1 |       |       |       |       |       ||     1
       Dagger            |    32 |   109 |    50 |       |       |    66 ||   257
       Unarmed           |       |    24 |       |       |       |       ||    24
       Rapier            |       |       |    27 |   578 |   643 |  1152 ||  2400
       Hunting sling     |       |       |       |     1 |       |       ||     1
       Demon blade       |       |       |       |       |       |    74 ||    74
       Fustibalus        |       |       |       |       |       |     1 ||     1
 Fire: Hunting sling     |    71 |   154 |   367 |   602 |       |       ||  1194
       Fustibalus        |       |       |       |   125 |  1624 |   380 ||  2129
Throw: Dart              |       |       |    16 |    24 |     6 |       ||    46
       Stone             |       |       |       |     4 |       |     1 ||     5
Invok: Heroism           |       |       |       |     7 |     3 |     3 ||    13
       Finesse           |       |       |       |     1 |       |       ||     1
Evoke: Wand              |       |       |       |    13 |    24 |     5 ||    42
  Use: Scroll            |       |     4 |     2 |    20 |     6 |     8 ||    40
       Potion            |       |       |     1 |     9 |       |     2 ||    12
 Stab: Invisible         |       |       |     1 |       |       |       ||     1
       Sleeping          |       |       |       |       |     1 |     7 ||     8
  Eat: Chunk             |       |     8 |    10 |    30 |    43 |    16 ||   107
       Ration            |       |       |     1 |     3 |     2 |     3 ||     9
Armor: Leather armour    |    14 |    12 |       |       |       |       ||    26
       Scale mail        |       |    26 |    45 |   213 |   197 |       ||   481
       Skin              |       |       |       |     4 |       |       ||     4
       Ring mail         |       |       |       |       |    16 |   102 ||   118
       Swamp dragon scal |       |       |       |       |       |    21 ||    21
Dodge: Dodged            |    41 |   109 |   128 |   491 |   609 |   744 ||  2122
Block: Other             |       |    27 |    40 |   153 |   182 |     8 ||   410
       Reflection        |       |       |     1 |    12 |     7 |    14 ||    34
       Buckler           |       |       |       |       |       |   485 ||   485
       Rpst.: Demon blade |       |       |       |       |       |    16 ||    16
